 Dungeon Crawl Stone Soup version 0.30.1-4-g462c640d31 (webtiles) character file.

Game seed: 14417791681213678815

283 growler the Trooper (level 6, 0/52 HPs)
             Began as a Demonspawn Gladiator on Aug 20, 2023.
             Killed by divine providence
             ... invoked by an orc priest
              (11 damage)
             ... on level 4 of the Dungeon on Aug 21, 2023.
             The game lasted 00:05:05 (2153 turns).

growler the Trooper (Demonspawn Gladiator)          Turns: 2153, Time: 00:05:06

Health: 0/52       AC:  3    Str: 20    XL:     6   Next: 7%
Magic:  6/6        EV: 12    Int: 14    God:
Gold:   209        SH:  0    Dex: 14    Spells: 5/5 levels left

rFire   . . .        a - +0 war axe
rCold   . . .        (no shield)
rNeg    . . .        b - +0 leather armour
rPois   .            (helmet restricted)
rElec   .            (no cloak)
rCorr   .            (no gloves)
SInv    .            (no boots)
Will    .....        (no amulet)
Stlth   +            r - +6 ring of strength
HPRegen 0.28/turn    (no ring)
MPRegen 0.10/turn

%: no passive effects
@: no status effects
A: antennae 1, powered by death 1, big brain 1
a: no special abilities


You were on level 4 of the Dungeon.
You visited 1 branch of the dungeon, and saw 4 of its levels.

You collected 209 gold pieces.

Inventory:

Hand Weapons
 a - a +0 war axe (weapon)
Missiles
 d - 3 throwing nets (quivered)
 e - a javelin
Armour
 b - a +0 leather armour (worn)
 c - a +0 helmet
Jewellery
 f - an amulet of guardian spirit
 r - a +6 ring of strength (left hand)
 t - a ring of protection from fire
Scrolls
 i - 2 scrolls of fog {unknown}
 k - 2 scrolls of noise
 l - a scroll of amnesia {unknown}
 p - 2 scrolls of butterflies {unknown}
 v - a scroll of identify
 w - a scroll of enchant weapon {unknown}
Potions
 g - a potion of might {unknown}
 h - 3 potions of curing
 j - a potion of berserk rage
 m - a potion of brilliance
 n - a potion of lignification {unknown}
 o - a potion of attraction {unknown}
 q - a potion of mutation {unknown}
 s - a potion of flight {unknown}
 u - a potion of invisibility {unknown}


   Skills:
 + Level 5.9 Fighting
 + Level 3.2 Axes
 - Level 2.0 Throwing
 - Level 2.9 Dodging


You had 5 spell levels left.
You didn't know any spells.
Your spell library was empty.

Dungeon Overview and Level Annotations

Branches:
Dungeon (4/15)
 Temple: D:4-7

Altars:
Dithmenos

Shops:
D:3 *


Innate Abilities, Weirdness & Mutations

You have a pair of small antennae on your head.
You regenerate a little health from kills.
You have an unusually large brain. (Int +2)


Message History

Things that are here:
a +0 dagger; 7 stones; a +0 leather armour The orc closely misses you.
The orc completely misses you.
Things that are here:
a +0 dagger; a goblin corpse You hit the orc priest but do no damage.
You barely miss the orc. The orc hits you with a +0 short sword.
The orc priest mumbles some strange prayers to Beogh against you.
Pain shoots through your body! The orc closely misses you.
You hit the orc priest.
The orc priest is lightly wounded.
You hit the orc. The orc hits you but does no damage.
The orc priest invokes the aid of Beogh against you.
Pain shoots through your body! The orc barely misses you.
You hit the orc.
You kill the orc!
You barely miss the orc priest.
The orc priest calls down the wrath of Beogh upon you.
Pain shoots through your body! The orc priest closely misses you.
The orc misses you.
The orc hits you from afar with a +0 trident.
The orc priest hits you with a +0 hand axe!
* * * LOW HITPOINT WARNING * * *
You closely miss the orc priest. You hit the orc priest.
The orc priest hits you with a +0 hand axe.
* * * LOW HITPOINT WARNING * * *
The orc priest hits you with a +0 hand axe.
* * * LOW HITPOINT WARNING * * *
The orc misses you.
You slash the orc priest!
The orc priest is almost dead.
You hit the orc priest but do no damage.
The orc priest hits you with a +0 hand axe.
* * * LOW HITPOINT WARNING * * *
The orc priest closely misses you. The orc barely misses you.
The orc hits you from afar with a +0 trident.
* * * LOW HITPOINT WARNING * * *
The orc priest invokes the aid of Beogh against you.
Beogh smites you!
You die...

..####............. ##
.. .............###..
...#.###.........#.....#
...#..#.........###...##
......#........$# .....
................###.....
........................
.......)....)...####....
......o@.).......## ...#
.#..#.o†..........##.#..
#.o###.........[.##
...>. ##......#.)...
.......##.......#.....
......................#
.........#.........<...
.....##.##.............
## ######........


You could see 2 orc priests and an orc.

Vanquished Creatures
  Sigmund (D:2)
  A hound (D:3)
  3 adders
  A worm (D:3)
  A dart slug (D:2)
  4 orcs (D:4)
  4 bats
  3 endoplasms
  A giant cockroach (D:3)
  8 goblins
  5 hobgoblins
  4 kobolds
  2 quokkas
  8 ball pythons
  2 frilled lizards (D:2)
  4 rats (D:1)
52 creatures vanquished.

Notes
Turn   | Place    | Note
-------+----------+-------------------------------------------
     0 | D:1      | growler the Demonspawn Gladiator began the quest for the
                  | Orb.
     0 | D:1      | Reached XP level 1. HP: 16/16 MP: 1/1
   117 | D:1      | Gained mutation: You have an unusually large brain. (Int
                  | +2) [demonic ancestry]
   117 | D:1      | Reached XP level 2. HP: 21/22 MP: 2/2
   740 | D:2      | Reached skill level 3 in Fighting
   740 | D:2      | Reached XP level 3. HP: 29/29 MP: 3/3
   761 | D:2      | Noticed Sigmund
  1083 | D:2      | Killed Sigmund
  1084 | D:2      | Reached skill level 5 in Fighting
  1084 | D:2      | Gained mutation: You regenerate a little health from kills.
                  | [demonic ancestry]
  1084 | D:2      | Reached XP level 4. HP: 39/39 MP: 4/4
  1084 | D:2      | Reached XP level 5. HP: 44/44 MP: 5/5
  1753 | D:3      | Found a shadowy altar of Dithmenos.
  1935 | D:3      | Found Zin's Purification Station.
  1978 | D:3      | Gained mutation: You have a pair of small antennae on your
                  | head. [demonic ancestry]
  1978 | D:3      | Reached XP level 6. HP: 45/52 MP: 6/6
  2153 | D:4      | Killed from afar by an orc priest

Illustrated notes

Levels and vault maps discovered:
D:1:      dpeg_arrival_ternary, layout_rooms
D:2:      minmay_inner_zag, layout_loops_ring, uniq_sigmund
D:3:      layout_basic, nicolae_dithmenos_through_a_glass_darkly, zin_purify
D:4:      layout_cave_pools, mainiacjoe_overflow_chevrons,
          chequers_serial_rivers_small_b, uniq_duvessa

Skill      XL: |  1  2  3  4  5 |
---------------+----------------+-----
Throwing       | 2 |  2.0
Fighting       | 3 5 |  5.9
Axes           | 3 |  3.2
Dodging        | |  2.9

Action                     |  1- 3 |  4- 6 || total
---------------------------+-------+-------++-------
  Melee: War axe           |    68 |    78 ||   146
         Punch             |       |     1 ||     1
    Use: Potion            |     2 |       ||     2
         Scroll            |       |     3 ||     3
 Armour: Leather armour    |    19 |    24 ||    43
  Dodge: Dodged            |    54 |    74 ||   128
